 Dungeon Crawl Stone Soup version 0.29.1-1-gd02db6906a (webtiles) character file.

Game seed: 6607663367629409287

8071012 Ofeo the Slayer (level 27, 238/238 HPs)
             Began as a Palentonga Abyssal Knight on Sept 17, 2022.
             Was the Champion of Lugonu.
             Escaped with the Orb
             ... and 10 runes!
             The game lasted 04:40:08 (91578 turns).

Ofeo the Slayer (Palentonga Abyssal Knight)        Turns: 91578, Time: 04:40:09

Health: 238/238    AC: 63    Str: 31    XL:     27
Magic:  36/36      EV: 14    Int:  9    God:    Lugonu [******]
Gold:   5177       SH: 24    Dex: 17    Spells: 42/45 levels left

rFire   + + +      SeeInvis +   M - +9 broad axe (distort)
rCold   + + .      Faith    .   X - +2 tower shield {AC+3}
rNeg    + + +      Spirit   .   S - +14 plate armour of Pessimism {rF- rN+ Will+++ Slay+6}
rPois   +          Reflect  .   k - +1 helmet "Fibbih" {rElec rF+ Dex+5 Stlth+}
rElec   +          Harm     .   W - +3 cloak "Foul" {rC+ rN+ rCorr Stlth-}
rCorr   +          Rampage  .   L - +2 pair of gloves {infuse}
Will    ++++.                   w - +6 barding of Purghe Epse {rF+ rC+ rN+ Regen+}
Stlth   ..........              j - amulet "Jevvaut" {RegenMP Fragile rN+ Regen+ rCorr}
HPRegen 2.09/turn               N - ring "Hewaul" {rF+ Will- Str+2 Slay+5 Stlth-}
MPRegen 0.65/turn               Y - ring "Exaapyd" {Fly Slay+6 SInv}

@: flying, studying Polearms
A: large, rugged brown scales 3, see invisible, deformed body, roll 1, armoured
tail, reflexive curl, iridescent scales 1, deterioration 2, dopey 2, fire
resistance 1, frail 1, poison resistance, screaming 1, subdued magic 1,
inability to drink after injury 1
0: Orb of Zot
}: 10/15 runes: serpentine, barnacled, slimy, silver, abyssal, demonic, glowing,
magical, fiery, dark
a: Rolling Charge, Renounce Religion, Depart the Abyss, Bend Space, Banish,
Corrupt, Enter the Abyss


You escaped.
You worshipped Lugonu.
Lugonu was exalted by your worship.
You visited 13 branches of the dungeon, and saw 62 of its levels.
You visited Pandemonium 1 time, and saw 21 of its levels.
You visited the Abyss 3 times.
You visited 1 bazaar.
You also visited: Sewer, Bailey, Gauntlet and Ice Cave.

You collected 12803 gold pieces.
You spent 7626 gold pieces at shops.

Inventory:

Hand Weapons
 M - a +9 broad axe of distortion (weapon)
Missiles
 r - 13 throwing nets
 x - 21 curare-tipped darts
Armour
 f - the +2 cloak of the Thief {*Fog Slay-2 SInv Stlth+}
   (You found it on level 3 of the Elven Halls)

   It may release a thick cloud of smoke when the wearer is hurt.
   Slay:      It affects your accuracy & damage with ranged weapons and melee
   (-2).
   SInv:      It lets you see invisible.
   Stlth:     It makes you more stealthy.
 i - a +1 kite shield of positive energy
 k - the +1 helmet "Fibbih" (worn) {rElec rF+ Dex+5 Stlth+}
   (You acquired it on level 4 of the Depths)

   Dex:       It affects your dexterity (+5).
   rF:        It protects you from fire.
   rElec:     It insulates you from electricity.
   Stlth:     It makes you more stealthy.
 u - a +12 crystal plate armour
 v - a +2 kite shield of cold resistance
 w - the +6 barding of Purghe Epse (worn) {rF+ rC+ rN+ Regen+}
   (You acquired it on level 10 of the Dungeon)

   rF:        It protects you from fire.
   rC:        It protects you from cold.
   rN:        It protects you from negative energy.
   Regen:     It increases your rate of health regeneration.
 z - a +1 cloak of willpower
 L - a +2 pair of gloves of infusion (worn)
 S - the +14 plate armour of Pessimism (worn) {rF- rN+ Will+++ Slay+6}
   (You bought it in a shop in Pandemonium)

   Slay:      It affects your accuracy & damage with ranged weapons and melee
   (+6).
   rF:        It makes you vulnerable to fire.
   rN:        It protects you from negative energy.
   Will:      It greatly increases your willpower.
 W - the +3 cloak "Foul" (worn) {rC+ rN+ rCorr Stlth-}
   (You bought it in a shop in Pandemonium)

   rC:        It protects you from cold.
   rN:        It protects you from negative energy.
   rCorr:     It protects you from acid and corrosion.
   Stlth:     It makes you less stealthy.
 X - a +2 tower shield of protection (worn)
Jewellery
 j - the amulet "Jevvaut" (around neck) {RegenMP Fragile rN+ Regen+ rCorr}
   (You found it in a Gauntlet)

   [amulet of magic regeneration]

   It increases your rate of magic regeneration.
   rN:        It protects you from negative energy.
   Regen:     It increases your rate of health regeneration.
   rCorr:     It protects you from acid and corrosion.
   Fragile:   It will be destroyed if unequipped.
 l - the ring "Teofaocw" {rPois Str+4}
   (You took it off an efreet in Pandemonium)

   [ring of poison resistance]

   Str:       It affects your strength (+4).
   rPois:     It protects you from poison.
 p - a +4 ring of slaying
 y - the ring of the Two Names {rPois Will+ EV+4 Int+4}
   (You acquired it on level 4 of the Realm of Zot)

   [ring of evasion]

   EV:        It affects your evasion (+4).
   Int:       It affects your intelligence (+4).
   rPois:     It protects you from poison.
   Will:      It increases your willpower.
 F - the amulet "Vixi" {Reflect rN+ rCorr Str+3 Dex+4 SH+5}
   (You found it on level 5 of the Pits of Slime)

   [amulet of reflection]

   It reflects blocked missile attacks.
   Str:       It affects your strength (+3).
   Dex:       It affects your dexterity (+4).
   rN:        It protects you from negative energy.
   rCorr:     It protects you from acid and corrosion.
   SH:        It affects your SH (+5).
 N - the ring "Hewaul" (left hand) {rF+ Will- Str+2 Slay+5 Stlth-}
   (You acquired it in Pandemonium)

   [ring of protection from fire]

   Str:       It affects your strength (+2).
   Slay:      It affects your accuracy & damage with ranged weapons and melee
   (+5).
   rF:        It protects you from fire.
   Will:      It decreases your willpower.
   Stlth:     It makes you less stealthy.
 R - an amulet of the acrobat
 Y - the ring "Exaapyd" (right hand) {Fly Slay+6 SInv}
   (You found it in a Gauntlet)

   [ring of flight]

   Slay:      It affects your accuracy & damage with ranged weapons and melee
   (+6).
   SInv:      It lets you see invisible.
   Fly:       It grants you flight.
Wands
 g - a wand of digging (23) {@v1}
 A - a wand of paralysis (75)
 I - a wand of light (29)
 K - a wand of iceblast (26) {@v4}
 P - a wand of mindburst (12)
Scrolls
 b - 2 scrolls of summoning
 m - 6 scrolls of blinking {@r4}
 s - 22 scrolls of teleportation {@r3}
 C - 6 scrolls of silence
 G - 10 scrolls of magic mapping
 Q - 9 scrolls of poison
 T - 14 scrolls of butterflies
 Z - 11 scrolls of fear
Potions
 c - 5 potions of magic
 d - 8 potions of brilliance
 h - 3 potions of haste {@q3}
 n - 4 potions of might {@q4}
 o - 4 potions of mutation
 q - 32 potions of curing {@q1}
 t - 7 potions of berserk rage
 B - 4 potions of ambrosia
 D - 10 potions of heal wounds {@q2}
 E - 5 potions of resistance {@q6}
 H - 7 potions of invisibility
 V - 3 potions of cancellation
Miscellaneous
 a - a condenser vane
 e - a tin of tremorstones (2/2)
 J - a phantom mirror
 O - a phial of floods
 U - a lightning rod (4/4)


   Skills:
 + Level 26.5 Fighting
 + Level 21.6 Axes
 * Level 9.8 Throwing
 + Level 22.8 Armour
 - Level 21.1 Dodging
 - Level 20.2 Shields
 + Level 9.6 Spellcasting
 + Level 6.1 Translocations
 + Level 10.4 Transmutations
 - Level 19.5 Invocations
 + Level 16.3 Evocations


You had 42 spell levels left.
You knew the following spells:

 Your Spells              Type           Power      Damage    Failure   Level
a - Apportation           Tloc           22%        N/A       5%          1
b - Wereblood             Tmut           17%        N/A       1%          2

Your spell library contained the following spells:

 Spells                   Type           Power      Damage    Failure   Level
 Beastly Appendage        Tmut           34%        N/A       1%          1
 Blink                    Tloc           22%        N/A       9%          2
 Passwall                 Tmut/Erth      8%         N/A       13%         2
 Gell's Gravitas          Tloc           11%        N/A       19%         3
 Lesser Beckoning         Tloc           11%        N/A       19%         3
 Teleport Other           Tloc           11%        N/A       19%         3
 Spider Form              Tmut/Pois      10%        N/A       28%         3
 Blade Hands              Tmut           8%         N/A       30%         5
 Ignite Poison            Fire/Tmut/Pois 8%         N/A       50%         3
 Passage of Golubria      Tloc           11%        N/A       52%         4
 Portal Projectile        Hex/Tloc       14%        N/A       56%         3
 Foxfire                  Conj/Fire      12%        2x1d4     63%         1
 Magic Dart               Conj           12%        1d3       63%         1
 Necrotise                Necr           12%        1d4       63%         1
 Sandblast                Erth           6%         2d5       63%         1
 Summon Small Mammal      Summ           12%        N/A       63%         1
 Ice Form                 Ice/Tmut       10%        N/A       67%         4
 Petrify                  Tmut/Erth      10%        N/A       67%         4
 Call Imp                 Summ           3%         N/A       77%         2
 Poisonous Vapours        Pois/Air       6%         N/A       77%         2
 Searing Ray              Conj           6%         2d4       77%         2
 Static Discharge         Conj/Air       3%         3-4/arc   77%         2
 Sublimation of Blood     Necr           3%         N/A       77%         2
 Iskenderun's Mystic Bla  Conj/Tloc      7%         2d4       93%         4
 Call Canine Familiar     Summ           3%         N/A       94%         3
 Confusing Touch          Hex            3%         N/A       94%         3
 Conjure Flame            Conj/Fire      3%         6-21      94%         3
 Dazzling Flash           Conj/Hex       6%         N/A       94%         3
 Inner Flame              Hex/Fire       3%         N/A       94%         3
 Mephitic Cloud           Conj/Pois/Air  3%         N/A       94%         3
 Ozocubu's Armour         Ice            3%         N/A       94%         3
 Stone Arrow              Conj/Erth      6%         3d7       94%         3
 Summon Guardian Golem    Hex/Summ       3%         N/A       94%         3
 Vampiric Draining        Necr           3%         2d6       94%         3
 Alistair's Intoxication  Tmut/Pois      6%         N/A       95%         5
 Irradiate                Conj/Tmut      5%         3d13      95%         5
 Yara's Violent Unravell  Hex/Tmut       5%         3d4       95%         5
 Airstrike                Air            1%         2d(1-17)  100%        4
 Animate Armour           Summ/Erth      6%         N/A       100%        4
 Animate Dead             Necr           3%         N/A       100%        4
 Cause Fear               Hex            1%         N/A       100%        4
 Corpse Rot               Necr/Pois/Air  3%         N/A       100%        4
 Dispel Undead            Necr           3%         3d7       100%        4
 Flame Wave               Conj/Fire      3%         2d5       100%        4
 Fulminant Prism          Conj/Hex       1%         3d6       100%        4
 Hailstorm                Conj/Ice       3%         3d3       100%        4
 Leda's Liquefaction      Hex/Erth       1%         N/A       100%        4
 Olgreb's Toxic Radiance  Pois           3%         N/A       100%        4
 Sticky Flame             Conj/Fire      3%         2d3       100%        4
 Summon Lightning Spire   Summ/Air       3%         N/A       100%        4
 Agony                    Necr           3%         N/A       100%        5
 Borgnjor's Vile Clutch   Necr/Erth      1%         N/A       100%        5
 Freezing Cloud           Conj/Ice/Air   1%         6-21      100%        5
 Lee's Rapid Deconstruct  Erth           1%         3d5*      100%        5
 Lightning Bolt           Conj/Air       1%         1d12      100%        5
 Metabolic Englaciation   Hex/Ice        1%         N/A       100%        5
 Silence                  Hex/Air        1%         N/A       100%        5
 Summon Forest            Summ/Tloc      3%         N/A       100%        5
 Conjure Ball Lightning   Conj/Air       1%         3x3d6     100%        6
 Death Channel            Necr           1%         N/A       100%        6
 Eringya's Noxious Bog    Tmut/Pois      5%         N/A       100%        6
 Iron Shot                Conj/Erth      1%         9d1       100%        6
 Simulacrum               Ice/Necr       1%         N/A       100%        6
 Starburst                Conj/Fire      1%         6d3       100%        6
 Statue Form              Tmut/Erth      6%         N/A       100%        6
 Dragon Form              Tmut           8%         N/A       100%        7
 Enfeeble                 Hex            1%         N/A       100%        7
 Haunt                    Necr/Summ      1%         N/A       100%        7
 Malign Gateway           Summ/Tloc      3%         N/A       100%        7
 Orb of Destruction       Conj           1%         9d5       100%        7
 Ozocubu's Refrigeration  Ice            1%         4d7       100%        7
 Spellforged Servitor     Conj/Summ      1%         N/A       100%        7
 Storm Form               Tmut/Air       5%         N/A       100%        7
 Summon Hydra             Summ           1%         N/A       100%        7
 Discord                  Hex            1%         N/A       100%        8
 Disjunction              Tloc           5%         N/A       100%        8
 Ignition                 Fire           1%         3d3       100%        8
 Infestation              Necr           1%         N/A       100%        8
 Lehudib's Crystal Spear  Conj/Erth      1%         10d2      100%        8
 Maxwell's Capacitive Co  Air            1%         ∞         100%        8
 Summon Horrible Things   Summ           1%         N/A       100%        8
 Chain Lightning          Conj/Air       1%         3d2       100%        9
 Dragon's Call            Summ           1%         N/A       100%        9
 Fire Storm               Conj/Fire      1%         8d1       100%        9
 Polar Vortex             Ice            1%         N/A       100%        9
 Shatter                  Erth           1%         3d6*      100%        9


Dungeon Overview and Level Annotations

Branches:
Dungeon (15/15)            Temple (0/1) D:7            Lair (5/5) D:11
 Shoals (4/4) Lair:2        Snake (4/4) Lair:3        Slime (5/5) Lair:5
    Orc (2/2) D:9             Elf (3/3) Orc:2        Vaults (5/5) D:13
  Crypt (3/3) Vaults:2       Tomb (0/3) Crypt:3      Depths (4/4) D:15
   Hell (visited)             Dis (6/7) Hell            Zot (5/5) Depths:4
  Sewer (visited)          Bailey (visited)           IceCv (visited)
Gauntlet (visited)
    Geh: Hell:1         Coc: Hell:1         Tar: Hell:1

Altars:
Cheibriados
Fedhas
Gozag
Hepliaklqana
Kikubaaqudgha
Makhleb
Nemelex Xobeh
Ru
Trog
Uskayaw
Vehumet
Wu Jian
Xom
Yredelemnul
The Shining One
Jiyva

Shops:
Orc:2 *:*[(   Elf:1 [   Elf:2 ?   Shoals:3 [   Snake:1 !   Snake:3 [
Snake:4 ?[   Vaults:2 !   Vaults:4 (

Portals:
Hell: Depths:1 Depths:2 Depths:3 Depths:4
Abyss: D:3 Depths:1 Depths:3 Depths:4
Pandemonium: Depths:2 Depths:4
Ziggurat: Depths:2

Annotations:
D:2 1 runed translucent door, Crazy Yiuf
D:3 2 transporters, Ofeo's ghost, amateur PaAK
D:4 corrupted
D:9 3 transporters
D:12 2 transporters, Zoegat's ghost, journeyman MiAK
Lair:2 exclusion: oklob plant
Shoals:4 2 transporters, LustLizard's ghost, adept TrFi
Vaults:5 corrupted
Zot:5 corrupted
Abyss:1 Gloorx Vloq; Lom Lobon; Mnoleg


Innate Abilities, Weirdness & Mutations

You are completely covered in rugged brown scales. (AC +3, +7% HP)
You have supernaturally acute eyesight. (SInv)
Armour fits poorly on your strangely shaped body.
You can roll at nearby foes to attack.
You have a long armoured tail.
You curl defensively after being hit. (AC +7*)
You are partially covered in iridescent scales. (AC +2)
Your body often deteriorates upon taking damage.
You are very dopey. (Int -4)
Your flesh is heat resistant. (rF+)
You are frail. (-10% HP)
Your system is resistant to poisons. (rPois)
You occasionally shout uncontrollably at your foes.
Your spells are a little easier to cast, but a little less powerful.
You occasionally lose the ability to drink potions when taking damage.


Message History

You block the reaper's attack.
You take 1 damage, and have 234/238 hp.
You slash the reaper!
Space warps around the reaper.
The reaper is heavily wounded.
You feel sick. You block the reaper's attack.
You take 1 damage, and have 233/238 hp.
You now have 33/36 mp.
You slice the reaper like a ripe choko!!!
You kill the reaper!
Lugonu accepts your kill.
You feel sick.
No target in view!
(D) Dungeon (T) Temple (L) Lair (A) Shoals (P) Snake Pit (M) Slime Pits (O) Orcish Mines (E) Elven Halls (V) Vaults (C) Crypt (W) Tomb (U) Depths (H) Hell (I) Dis (Z) Zot
Where to? (Enter - D:1, ? - help)
You feel sick.
You feel sick.
You feel sick.
You feel sick.
HP restored.
Magic restored.
You feel sick.
You feel sick.
You feel sick.
You are no longer poisoned.
There is a stone staircase leading up here.
You fly upwards.
There is a stone staircase leading down here.
Health restored: 238; MP restored: 36
There is an open door here.
There is an open door here.
A large abomination comes into view.
A large abomination comes into view.
You yell at the large abomination!
There is an open door here.
There is an open door here.
There is a staircase leading out of the dungeon here.
You can't go down here!
You can't go down here!
There is a staircase leading out of the dungeon here.
You have escaped!

....≈≈#.#..#..#.#≈≈..#
.##.≈≈#.#..#..#.#≈≈#.####
###...'.+.8#8.'.'...X...#
####≈≈#.#..#..#.#≈≈####X#
.# #≈≈#.#..#..#.#≈≈# #.#
.###≈≈#.#.....#X#≈≈# #.#
...#≈##'###'###'##≈# #.#
##.#≈#..+.....'..#≈# #.#
##.#≈#>.#######.@#≈# #.#
...#≈####≈≈≈≈≈####≈# #.#
#..#≈≈≈≈≈≈≈≈≈≈≈≈≈≈≈# #.#
>.................#####.#
........................#
..................#######
.....(..#####'.####
........#≈...#.#
........#≈...#.#


You could see a large abomination.

Vanquished Creatures
  Cerebov (Pan)
  the Royal Jelly (Slime:5)
  5 dread liches
  2 ancient liches
  Mennas (Crypt:1)
  12 orbs of fire
  Sojobo (Vaults:5)
  A juggernaut (Depths:4)
  7 pandemonium lords (Pan)
  5 caustic shrikes
  Margery (Crypt:1)
  3 Killer Klowns
  Geryon (Hell)
  3 curse toes
  A profane servitor (Depths:4)
  Vashnia (Snake:2)
  7 golden dragons
  Nikola (Shoals:2)
  3 bone dragons
  6 Brimstone Fiends
  8 Tzitzimimeh (Pan)
  2 iron giants
  A shard shrike zombie (Crypt:2)
  18 tentacled monstrosities
  6 electric golems
  Jorgrun (Shoals:1)
  3 Ice Fiends
  Zenata (Abyss:1)
  21 Orb Guardians (Zot:5)
  13 Hell Sentinels
  A walking earthen tome (Depths:4)
  2 walking crystal tomes (Depths:4)
  Rupert (Lair:3)
  5 liches
  2 walking frostbound tomes (Depths:4)
  11 quicksilver dragons
  A walking divine tome (Abyss:1)
  2 deep elf master archers (Elf:3)
  6 sphinxes
  Murray (Hell)
  4 deep elf blademasters (Elf:3)
  9 death cobs
  An eldritch tentacle (Pan)
  19 Executioners
  2 titans
  15 acid blobs
  4 krakens (Shoals:4)
  Kirke (D:12)
  Gastronok (D:12)
  A tentacled starspawn (Abyss:3)
  10 tengu reavers
  14 ancient champions
  11 shadow dragons
  3 revenants
  A nagaraja (Snake:3)
  2 draconian monks
  6 storm dragons
  8 demonspawn warmongers (Pan)
  7 azure jellies
  Roxanne (Snake:1)
  10 ghost moths
  8 fire giants
  14 vault wardens
  2 caustic shrike zombies
  6 rockslimes
  3 draconian scorchers
  8 quicksilver elementals
  27 balrugs
  3 iron dragons
  2 draconian knights
  14 frost giants
  Louise (Shoals:1)
  4 orc warlords
  21 cacodemons
  Aizul (Snake:2)
  2 draconian shifters
  6 deep elf sorcerers
  3 angels
  2 curse skulls
  A ghoul (Crypt:1)
  4 spectral caustic shrikes
  2 draconian stormcallers
  2 deep elf elementalists (Elf:3)
  12 demonspawn corrupters (Pan)
  7 draconian annihilators
  4 spriggan defenders
  18 ironbound preservers
  4 juggernaut skeletons
  16 reapers
  6 quicksilver oozes
  11 stone giants
  9 demonspawn blood saints (Pan)
  4 caustic shrike skeletons
  13 war gargoyles
  16 very ugly things
  4 ironbound thunderhulks
  8 vampire knights
  10 deep elf demonologists
  7 deep elf annihilators
  18 demonspawn black suns (Pan)
  25 lorocyprocas
  7 green draconians
  Azrael (Snake:2)
  4 red draconians
  6 black draconians
  6 yellow draconians
  3 spark wasps
  11 white draconians
  5 dire elephants
  7 purple draconians
  17 green deaths (Pan)
  17 ettins
  14 blizzard demons
  2 eidola
  5 iron golems
  11 fire dragons
  9 deep elf death magi
  Josephine (D:14)
  10 merfolk impalers
  A crystal guardian (Hell)
  2 mummy priests (Pan)
  A spriggan zombie (Crypt:1)
  3 merfolk javelineers
  8 yaktaur captains
  7 deep elf high priests
  14 jiangshi
  9 rakshasas
  An ice dragon (shapeshifter) (Vaults:5)
  2 salamander tyrants (Snake:4)
  22 vault guards
  7 great orbs of eyes
  A spriggan skeleton (Pan)
  2 hydras
  4 peacekeepers
  3 ogre magi
  8 spriggan air magi
  6 hell beasts
  10 ice dragons
  Erica (Abyss:3)
  5 catoblepae
  A juggernaut simulacrum (Crypt:1)
  2 merfolk aquamancers (Shoals:4)
  9 ironbound frosthearts
  3 alligator snapping turtles
  5 boulder beetles
  A ghost crab (Gauntlet)
  3 merfolk avatars
  9 centaur warriors
  4 death knights
  2 fenstrider witch skeletons (Pan)
  14 two-headed ogres
  2 alligators (shapeshifter)
  7 anacondas
  23 dancing weapons
  18 naga warriors
  3 satyrs (Shoals:4)
  5 vampire magi
  4 spriggan berserkers
  4 tengu warriors
  5 deep troll shamans
  A thrashing horror (Abyss:1)
  10 deep troll earth magi
  7 death yaks (Lair:5)
  8 hell hogs
  48 soul eaters
  7 orc high priests
  A titan skeleton (Crypt:3)
  Sonja (D:12)
  A shock serpent (shapeshifter) (Depths:4)
  5 shock serpents
  13 naga sharpshooters
  Nergalle (Lair:2)
  118 sun demons
  Amaemon (Abyss:1)
  4 crystal echidnas
  7 deep elf knights
  8 shadow wraiths
  26 sixfirhies (Pan)
  A spriggan (Depths:2)
  7 hell knights
  9 iron trolls
  An anaconda zombie (Crypt:2)
  An entropy weaver zombie (Crypt:3)
  4 wretched stars
  2 orb spiders (shapeshifter)
  60 deep trolls
  3 salamander mystics
  30 skeletal warriors
  8 deep elf archers
  10 sea snakes
  5 naga ritualists
  4 glowing orange brains
  2 storm dragon skeletons
  7 flayed ghosts
  3 lindwurms (Vaults:1)
  A bunyip skeleton (Pan)
  An orange crystal statue (IceCv)
  9 phantasmal warriors
  17 shadow demons (Pan)
  A shadow dragon zombie (Crypt:3)
  16 ironbound convokers
  An iron giant skeleton (Pan)
  An anaconda skeleton (Pan)
  21 wizards
  23 deep elf zephyrmancers
  31 deep elf pyromancers
  12 necromancers
  54 ugly things
  A jorogumo zombie (Crypt:1)
  A fenstrider witch simulacrum (Hell)
  7 harpies
  12 mana vipers
  An iron dragon zombie (Abyss:1)
  7 orc sorcerers
  9 orc knights
  A stone giant zombie (Vaults:2)
  12 manticores
  15 salamanders
  6 shining eyes
  15 cyclopes
  33 moths of wrath
  18 fauns
  2 elephants (shapeshifter)
  2 rust devils (Pan)
  7 merfolk sirens
  A dire elephant zombie (Hell)
  4 water nymphs
  18 vault sentinels
  39 black mambas
  7 guardian serpents
  An alligator snapping turtle zombie (Crypt:2)
  An eye of devastation (Slime:5)
  2 titan simulacra
  76 smoke demons
  2 molten gargoyles (Hell)
  22 naga magi
  25 orange demons (Pan)
  4 gargoyles
  2 centaur skeletons
  An unseen horror (Pan)
  An ice statue (D:10)
  8 cane toads
  2 red draconian zombies
  25 rime drakes
  A minotaur zombie (Crypt:3)
  5 freezing wraiths
  17 hellions
  24 demonic crawlers
  17 tormentors
  8 komodo dragons
  A steelbarb worm zombie (Crypt:3)
  A yellow draconian zombie (Crypt:2)
  17 hellwings
  13 efreet
  6 ice devils
  A green draconian zombie (Crypt:1)
  4 kobold demonologists
  41 yaktaurs
  A guardian mummy (Crypt:1)
  6 meliai
  3 ancient zymes
  4 red devils (Pan)
  6 trolls
  3 harpy zombies
  2 yaktaur skeletons
  2 harpy skeletons
  A hornet (shapeshifter) (D:13)
  A hornet (Depths:2)
  25 merfolk
  A raiju (Abyss:3)
  A meliai (shapeshifter) (Abyss:1)
  Grinder (D:6)
  17 polar bears
  5 wind drakes
  80 slime creatures
  18 blink frogs
  A death drake skeleton (Crypt:2)
  A fire dragon skeleton (Pan)
  4 snapping turtles
  A centaur simulacrum (Hell)
  An alligator skeleton (Crypt:1)
  16 flying skulls
  An ettin skeleton (Pan)
  42 ynoxinuls
  A satyr skeleton (Crypt:1)
  19 water elementals
  An ettin zombie (Crypt:2)
  3 air elementals
  2 black mamba zombies
  4 shadows
  A wyvern (Lair:4)
  4 vampires (Crypt:3)
  A black mamba skeleton (Pan)
  A spriggan (shapeshifter) (D:13)
  9 starcursed masses (Abyss:3)
  4 basilisks
  Eustachio (D:4)
  4 hogs
  10 wraiths
  A merfolk skeleton (Pan)
  42 yaks
  7 fire bats
  8 fire elementals
  11 golden eyes
  A redback (Vaults:1)
  37 neqoxecs
  42 chaos spawn
  8 vampire mosquitoes
  Menkaure (D:6)
  A swamp worm (shapeshifter) (D:13)
  2 acid dragons
  A harpy simulacrum (Crypt:1)
  48 nagas
  A glowing orange brain zombie (Crypt:2)
  5 small abominations
  A warg (Orc:2)
  6 human zombies
  3 hell hounds
  A naga zombie (Crypt:3)
  19 water moccasins
  6 floating eyes
  43 orc warriors
  A cane toad skeleton (Crypt:3)
  A swamp drake (shapeshifter) (Depths:4)
  A swamp dragon zombie (Hell)
  2 ice beasts (D:5)
  2 sky beasts (D:7)
  2 black bears
  12 ogres
  A black mamba simulacrum (Crypt:3)
  39 wolves
  A boggart (Vaults:1)
  14 centaurs
  A swamp dragon skeleton (Crypt:2)
  41 large abominations
  2 phantoms
  2 kobold brigands
  Blork the orc (D:4)
  22 bullfrogs
  3 gnoll sergeants
  3 earth elementals
  An elf skeleton (Crypt:3)
  A glowing shapeshifter simulacrum (Abyss:1)
  A naga simulacrum (Crypt:1)
  A scorpion (D:5)
  9 wights
  A yak zombie (Crypt:2)
  16 killer bees
  A raiju zombie (Crypt:2)
  4 howler monkeys
  2 electric eels (Elf:2)
  A lava snake (D:13)
  2 centaur zombies
  A quasit (Abyss:1)
  3 hounds
  2 jellies (Gauntlet)
  3 gnoll boudas
  20 orc priests
  3 human skeletons (Crypt:1)
  2 iguanas
  14 orc wizards
  Ijyb (D:4)
  8 hell rats
  2 naga skeletons
  5 mummies
  Robin (D:2)
  A river rat (D:3)
  8 adders
  29 gnolls
  2 shadow imps
  2 white imps
  2 ufetubi (Abyss:1)
  A worm zombie (Crypt:1)
  2 worms
  58 orcs
  14 ball pythons
  8 endoplasms
  12 giant cockroaches
  17 goblins
  15 hobgoblins
  A jackal (shapeshifter) (Vaults:5)
  11 jackals
  16 kobolds
  8 quokkas
  6 bats
  10 frilled lizards
  A frilled lizard skeleton (Crypt:1)
  5 rats
  5 fire vortices (Pan)
  A plant (Shoals:4)
  A starspawn tentacle (Abyss:3)
  11 tentacles (Shoals:4)
3269 creatures vanquished.

Vanquished Creatures (others)
  A pandemonium lord (Pan)
  A Killer Klown (Zot:5)
  2 Brimstone Fiends (Pan)
  2 tengu reavers (Vaults:5)
  A storm dragon (Zot:5)
  2 vault wardens
  A curse skull (Pan)
  A demonspawn blood saint (Pan)
  A stone giant (Vaults:5)
  A very ugly thing (Vaults:5)
  A war gargoyle (Dis:6)
  A yellow draconian (Zot:4)
  A minotaur (Gauntlet)
  A purple draconian (Zot:2)
  2 lorocyprocas (Pan)
  2 green deaths (Pan)
  A rakshasa (Pan)
  19 vault guards (Vaults:5)
  A deep elf knight (Elf:3)
  A soul eater (Pan)
  A swamp dragon (shapeshifter) (Vaults:5)
  4 deep trolls (Vaults:5)
  A glowing orange brain (Pan)
  2 phantasmal warriors (Vaults:5)
  2 harpies (Shoals:4)
  2 moths of wrath
  An ugly thing (Gauntlet)
  A vault sentinel (Vaults:5)
  18 smoke demons (Pan)
  2 hellions (Pan)
  2 tormentors (Pan)
  2 demonic crawlers (Pan)
  3 ynoxinuls (Pan)
  3 chaos spawn (Pan)
  Grum (Bailey)
  Duvessa (D:4)
  A large abomination (Pan)
  4 wolves (Bailey)
  7 gnoll sergeants (Bailey)
  Dowan (D:4)
  5 gnoll boudas (Bailey)
  An orc wizard (Orc:2)
  10 gnolls (Bailey)
  2 endoplasms (D:4)
  6 jackals (D:4)
  24 demonic plants (Gauntlet)
  A fire vortex (Pan)
  57 fungi
  A lurking horror (Abyss:1)
  214 plants
  38 starspawn tentacles
  40 tentacles (Shoals:4)
  2 withered plants (Gauntlet)
503 creatures vanquished.

Grand Total: 3772 creatures vanquished

Notes
Turn   | Place    | Note
-------+----------+-------------------------------------------
     0 | Abyss:1  | Ofeo the Palentonga Abyssal Knight began the quest for the
                  | Orb.
     0 | Abyss:1  | Reached XP level 1. HP: 19/19 MP: 2/2
     1 | D:1      | Escaped the Abyss
   154 | D:1      | Reached skill level 1 in Dodging
   157 | D:1      | Reached XP level 2. HP: 11/25 MP: 3/3
   870 | D:1      | Found a faded altar of an unknown god.
  1049 | D:1      | Reached XP level 3. HP: 27/31 MP: 4/4
  1367 | D:2      | Noticed Robin
  1401 | D:2      | Killed Robin
  1412 | D:2      | Reached *** piety under Lugonu
  1670 | D:2      | Reached XP level 4. HP: 29/37 MP: 5/5
  1866 | D:2      | Found a runed translucent door.
  1866 | D:2      | Noticed Crazy Yiuf
  2368 | D:3      | Found a blossoming altar of Fedhas.
  2371 | D:3      | Found a radiant altar of Vehumet.
  2371 | D:3      | Found a glowing golden altar of the Shining One.
  2378 | D:3      | Noticed a kobold brigand
  2386 | D:3      | Found a transporter.
  2422 | D:3      | Found a transporter.
  2464 | D:3      | Found a one-way gate to the infinite horrors of the Abyss.
  2580 | D:3      | Found a glowing drain.
  2595 | Sewer    | Entered a sewer
  2944 | Sewer    | Reached **** piety under Lugonu
  2945 | Sewer    | Reached XP level 5. HP: 42/44 MP: 7/7
  3149 | Sewer    | Reached skill level 4 in Fighting
  3149 | Sewer    | Reached XP level 6. HP: 18/51 MP: 8/8
  3686 | D:3      | Noticed Ofeo's ghost (amateur PaAK)
  4839 | D:4      | Noticed Duvessa
  4841 | D:4      | Noticed Dowan
  4842 | D:4      | Gained mutation: You are strong-willed. (Will+) [potion of
                  | mutation]
  4842 | D:4      | Gained mutation: You have large cloven feet. [potion of
                  | mutation]
  4847 | D:4      | Corrupted D:4
  4847 | D:4      | Noticed a komodo dragon
  4847 | D:4      | a shapeshifter changed into a komodo dragon
  4847 | D:4      | Noticed a small abomination
  4847 | D:4      | Noticed a deep elf sorcerer
  4847 | D:4      | Noticed a lich
  4847 | D:4      | Noticed a small abomination
  4847 | D:4      | Noticed a chaos spawn
  4847 | D:4      | Noticed a starcursed mass
  4847 | D:4      | Noticed a smoke demon
  4848 | D:4      | Noticed a tentacled starspawn
  4848 | D:4      | Noticed a thrashing horror
  4852 | D:4      | Killed Duvessa
  4856 | D:4      | Killed Dowan
  5488 | D:4      | Found an opulent altar of Gozag.
  5531 | D:4      | Noticed Eustachio
  5754 | D:4      | Killed Eustachio
  5755 | D:4      | Gained mutation: You curl defensively after being hit. (AC
                  | +7*) [Palentonga growth]
  5755 | D:4      | Reached XP level 7. HP: 54/58 MP: 10/10
  5852 | D:4      | Noticed Blork the orc
  5855 | D:4      | Killed Blork the orc
  6131 | D:4      | Noticed Ijyb
  6135 | D:4      | Killed Ijyb
  6261 | D:5      | Entered Level 5 of the Dungeon
  6401 | D:5      | Found an ancient bone altar of Kikubaaqudgha.
  6596 | D:5      | Reached skill level 5 in Fighting
  6654 | D:5      | Reached XP level 8. HP: 66/66 MP: 11/11
  6789 | D:5      | Reached skill level 5 in Invocations
  7558 | D:6      | Reached skill level 5 in Axes
  7722 | D:6      | Noticed Menkaure
  7726 | D:6      | Killed Menkaure
  7837 | D:6      | Noticed Grinder
  7840 | D:6      | Killed Grinder
  7953 | D:6      | Reached skill level 6 in Fighting
  7953 | D:6      | Reached XP level 9. HP: 73/73 MP: 13/13
  8245 | D:6      | Found a basalt altar of Yredelemnul.
  8246 | D:6      | Found an ornate altar of the Wu Jian Council.
  8247 | D:6      | Found a hide-covered altar of Uskayaw.
  9020 | D:7      | Reached skill level 5 in Armour
  9026 | D:7      | Found a flagged portal.
  9034 | Bailey   | Entered a bailey
 10029 | Bailey   | Corrupted Bailey
 10029 | Bailey   | Noticed a smoke demon
 10029 | Bailey   | Noticed a sixfirhy
 10029 | Bailey   | Noticed a smoke demon
 10029 | Bailey   | Noticed a tentacled starspawn
 10029 | Bailey   | Noticed a smoke demon
 10029 | Bailey   | Noticed a bone dragon
 10029 | Bailey   | Noticed a bone dragon
 10029 | Bailey   | Noticed a tentacled starspawn
 10029 | Bailey   | Noticed a large abomination
 10029 | Bailey   | Noticed a starcursed mass
 10029 | Bailey   | Noticed a green very ugly thing
 10030 | Bailey   | Noticed a smoke demon
 10030 | Bailey   | Noticed a thrashing horror
 10031 | Bailey   | Noticed a starcursed mass
 10031 | Bailey   | Noticed a tentacled starspawn
 10031 | Bailey   | Noticed a starcursed mass
 10036 | Bailey   | Noticed Grum
 10040 | Bailey   | Killed Grum
 10129 | Bailey   | Noticed a thrashing horror
 10131 | Bailey   | Noticed a starcursed mass
 10132 | Bailey   | Noticed a great orb of eyes
 10140 | Bailey   | Identified the +1 flail "Fiuhopn" {elec, *Slow rC+++ rN+++
                  | Dex-3}
 10143 | Bailey   | Identified the ring "Juyhuaph" {rElec rF+ Str-3 Int+10
                  | SInv}
 10363 | D:7      | Reached skill level 5 in Dodging
 10390 | D:7      | Found a staircase to the Ecumenical Temple.
 10485 | D:7      | Found a snail-covered altar of Cheibriados.
 11426 | D:8      | Noticed Erica
 11669 | D:8      | Banished Erica
 11670 | D:8      | Reached skill level 7 in Fighting
 11670 | D:8      | Reached XP level 10. HP: 50/84 MP: 8/15
 13384 | D:9      | Found a staircase to the Orcish Mines.
 13755 | D:8      | HP: 4/84 [poisoned by a killer bee]
 14230 | D:9      | Found a transporter.
 14231 | D:9      | Noticed a two-headed ogre
 15044 | D:9      | Noticed an orange demon
 15049 | D:9      | Banished an orange demon
 15051 | D:9      | Noticed Amaemon
 15055 | D:9      | Banished Amaemon
 15056 | D:9      | Reached skill level 8 in Fighting
 15186 | D:9      | Found a transporter.
 15186 | D:9      | Noticed a two-headed ogre
 15188 | D:9      | Found a transporter.
 15188 | D:9      | Found a transporter.
 15190 | D:9      | Found a transporter.
 15372 | D:9      | Killed a two-headed ogre
 15373 | D:9      | Reached XP level 11. HP: 67/92 MP: 14/17
 15612 | D:9      | Found a transporter.
 15934 | D:9      | Killed a two-headed ogre
 16219 | D:9      | Reached skill level 1 in Evocations
 16317 | D:10     | Entered Level 10 of the Dungeon
 16318 | D:10     | Identified a scroll of acquirement
 16318 | D:10     | Acquired the +6 barding of Purghe Epse {rF+ rC+ rN+ Regen+}
 17130 | D:11     | Noticed a two-headed ogre
 17279 | D:10     | Killed a two-headed ogre
 17352 | D:11     | Found a staircase to the Lair.
 17384 | D:11     | Identified the +0 pair of boots "Unafim" {SInv Stlth+}
 17464 | D:11     | Noticed a two-headed ogre
 17468 | D:11     | Killed a two-headed ogre
 17658 | D:11     | Noticed a two-headed ogre
 17661 | D:11     | Killed a two-headed ogre
 18138 | D:11     | Noticed a seven-headed hydra
 18145 | D:11     | Banished an eight-headed hydra
 18326 | D:12     | Noticed Kirke
 18327 | D:12     | Noticed a sphinx
 18339 | D:12     | Noticed a two-headed ogre
 18360 | D:12     | Noticed a lindwurm
 18360 | D:12     | Killed a two-headed ogre
 18361 | D:12     | Reached skill level 9 in Fighting
 18392 | Lair:1   | Entered Level 1 of the Lair of Beasts
 18557 | Lair:1   | Reached XP level 12. HP: 101/101 MP: 19/19
 18679 | Lair:1   | Reached ***** piety under Lugonu
 19492 | Lair:2   | Noticed Nergalle
 19513 | Lair:2   | Killed Nergalle
 19514 | Lair:2   | Reached skill level 10 in Invocations
 19567 | Lair:2   | Found a sacrificial altar of Ru.
 19640 | Lair:2   | Found a staircase to the Shoals.
 19641 | Lair:2   | Noticed an eight-headed hydra
 20148 | Lair:2   | Noticed a catoblepas
 20168 | Lair:2   | Killed a catoblepas
 20173 | Lair:2   | Banished an eight-headed hydra
 21119 | Lair:2   | Reached skill level 5 in Evocations
 21593 | Lair:3   | Found a staircase to the Snake Pit.
 21796 | Lair:3   | Reached skill level 10 in Fighting
 21924 | Lair:3   | Noticed Rupert
 22254 | Lair:3   | Noticed a seven-headed hydra
 22516 | Lair:2   | Banished a seven-headed hydra
 22696 | Lair:3   | Reached XP level 13. HP: 102/110 MP: 21/21
 23162 | Lair:3   | Reached skill level 10 in Axes
 23737 | Lair:4   | Identified the +2 ring mail of Death's Door {rC+ rCorr MP-9
                  | Stlth+}
 23743 | Lair:4   | Identified the +10 war axe of Spite {drain, Str+7 Int-2
                  | Dex-2}
 24191 | Lair:5   | Entered Level 5 of the Lair of Beasts
 24816 | Lair:5   | Found a viscous altar of Jiyva.
 24817 | Lair:5   | Found a staircase to the Slime Pits.
 25721 | Lair:5   | Reached skill level 11 in Fighting
 25738 | Lair:5   | Identified the +4 broad axe of Yholob {vorpal, rF+ Dex+5}
 26109 | Lair:5   | Reached XP level 14. HP: 119/120 MP: 5/22
 26670 | D:12     | Killed Kirke
 26742 | D:12     | Noticed Sonja
 26745 | D:12     | Killed Sonja
 27247 | D:12     | Identified the +4 great mace "Beastslayer" {freeze, rN+
                  | Dex+5}
 27247 | D:12     | Noticed Zoegat's ghost (journeyman MiAK)
 27248 | D:12     | Found a transporter.
 27249 | D:12     | Found a transporter.
 27495 | D:12     | Noticed Gastronok
 27505 | D:12     | Killed Gastronok
 27905 | Orc:1    | Entered Level 1 of the Orcish Mines
 27907 | Orc:1    | Found a burning altar of Makhleb.
 27908 | Orc:1    | You fall into a shaft and drop 1 floor!
 27908 | Orc:2    | Entered Level 2 of the Orcish Mines
 27931 | Orc:2    | Noticed an orc warlord
 28087 | Orc:2    | Found Enle's Book Emporium.
 28119 | Orc:2    | Found Guassuur's Antique Armour Shoppe.
 28512 | Orc:1    | Found an ornate altar of the Wu Jian Council.
 28517 | Orc:1    | Found a transporter.
 28659 | Orc:1    | Found a transporter.
 28666 | Orc:1    | Found a transporter.
 28742 | Orc:1    | Found a transporter.
 28743 | Orc:1    | Found an ornate altar of the Wu Jian Council.
 28743 | Orc:1    | Noticed an orc warlord
 28955 | Orc:1    | Killed an orc warlord
 29082 | Orc:2    | Noticed an orc warlord
 29225 | Orc:1    | Killed an orc warlord
 29278 | Orc:2    | Reached ****** piety under Lugonu
 29456 | Orc:2    | Found Ojiqyap's General Store.
 29464 | Orc:2    | Bought a scroll of acquirement for 520 gold pieces
 29939 | Orc:2    | Found Penlydgheung's Antique Weapon Emporium.
 29972 | Orc:2    | Killed an orc warlord
 29973 | Orc:2    | Reached skill level 10 in Armour
 30184 | Orc:2    | Found Ekeil's General Store.
 30190 | Orc:2    | Found a staircase to the Elven Halls.
 30192 | Orc:2    | Bought a scroll of teleportation for 42 gold pieces
 30192 | Orc:2    | Bought a potion of haste for 140 gold pieces
 30192 | Orc:2    | Bought a scroll of butterflies for 56 gold pieces
 30224 | Orc:2    | Acquired a manual of Shields
 30435 | D:13     | Reached skill level 12 in Fighting
 30435 | D:13     | Reached XP level 15. HP: 123/128 MP: 17/24
 30443 | D:13     | Reached skill level 10 in Dodging
 30910 | D:13     | Found a basalt altar of Yredelemnul.
 31077 | D:13     | Found a gate to the Vaults.
 31652 | D:14     | Found a gate leading to a gauntlet.
 31677 | Gauntlet | Entered a Gauntlet
 31677 | Gauntlet | Found a transporter.
 31742 | Gauntlet | Found a transporter.
 31744 | Gauntlet | Found a transporter.
 31751 | Gauntlet | Found a transporter.
 31786 | Gauntlet | Found a transporter.
 31793 | Gauntlet | Found a transporter.
 31808 | Gauntlet | Found a transporter.
 31813 | Gauntlet | Found a transporter.
 31828 | Gauntlet | Found a transporter.
 31847 | Gauntlet | Found a transporter.
 31859 | Gauntlet | Found a transporter.
 31864 | Gauntlet | Found a transporter.
 31879 | Gauntlet | Found a transporter.
 31884 | Gauntlet | Found a transporter.
 31899 | Gauntlet | Found a transporter.
 31906 | Gauntlet | Found a transporter.
 31923 | Gauntlet | Found a transporter.
 31930 | Gauntlet | Found a transporter.
 32153 | Gauntlet | Identified the +0 hat of the Echidna {Rampage Str+4 Dex-3}
 32159 | Gauntlet | Identified the ring "Ucorarcho" {Int+2 Dex+6}
 32177 | Gauntlet | Identified the ring "Exaapyd" {Fly Slay+6 SInv}
 32180 | Gauntlet | Corrupted Gauntlet
 32180 | Gauntlet | Noticed a tentacled starspawn
 32183 | Gauntlet | Noticed a bone dragon
 32184 | Gauntlet | Noticed a tentacled starspawn
 32308 | Gauntlet | Noticed a bone dragon
 32333 | Gauntlet | Identified the +1 chain mail of Siamuur {+Inv rElec rF+
                  | Slay+5}
 32560 | Gauntlet | Reached skill level 1 in Shields
 32570 | Gauntlet | Identified the amulet "Jevvaut" {RegenMP Fragile rN+ Regen+
                  | rCorr}
 32916 | Gauntlet | Identified the +2 pair of boots of Laduuloh {rElec rC- rN+
                  | Will+}
 33159 | D:14     | Noticed Josephine
 33162 | D:14     | Killed Josephine
 33317 | D:14     | Identified the +7 morningstar "Peuff" {antimagic, rF+
                  | Stlth+}
 33474 | D:14     | Found a sparkling altar of Nemelex Xobeh.
 33702 | D:15     | Entered Level 15 of the Dungeon
 33703 | D:15     | Noticed a frost giant
 33866 | D:15     | Found a staircase to the Depths.
 33872 | D:15     | Reached skill level 5 in Shields
 34105 | D:15     | Killed a frost giant
 34346 | Shoals:1 | Entered Level 1 of the Shoals
 34348 | Shoals:1 | Noticed Jorgrun
 34355 | Shoals:1 | Killed Jorgrun
 34397 | Shoals:1 | Noticed Louise
 34412 | Shoals:1 | Killed Louise
 34502 | Shoals:1 | Reached XP level 16. HP: 138/138 MP: 23/25
 35472 | Shoals:2 | Noticed Mlioglotl
 35485 | Shoals:2 | Noticed Mlioglotl
 35485 | Shoals:2 | Mlioglotl changed into Mlioglotl the cacodemon
 35491 | Shoals:1 | Gained mutation: You are occasionally teleported next to
                  | monsters. [Mlioglotl]
 35494 | Shoals:1 | Killed Mlioglotl the cacodemon
 35495 | Shoals:1 | Lost mutation: You are strong-willed. (Will+) [potion of
                  | mutation]
 35495 | Shoals:1 | Lost mutation: You have large cloven feet. [potion of
                  | mutation]
 35495 | Shoals:1 | Lost mutation: You are occasionally teleported next to
                  | monsters. [potion of mutation]
 35495 | Shoals:1 | Gained mutation: You are partially covered in iridescent
                  | scales. (AC +2) [potion of mutation]
 35878 | Shoals:2 | Noticed Nikola
 35889 | Shoals:2 | Killed Nikola
 35890 | Shoals:2 | Reached skill level 13 in Fighting
 36934 | Shoals:3 | Found a frozen archway.
 36970 | IceCv    | Entered an ice cave
 37211 | IceCv    | Reached skill level 10 in Shields
 37688 | IceCv    | Got the Catalogue of Weirdness
 37692 | IceCv    | Got Sif Muna's Compendium of the Glacier
 37767 | Shoals:3 | Reached XP level 17. HP: 133/146 MP: 21/26
 38047 | Shoals:3 | Found Wyetwyar's Armour Shop.
 38360 | Shoals:4 | Entered Level 4 of the Shoals
 38360 | Shoals:4 | Noticed a kraken
 38360 | Shoals:4 | Noticed a kraken
 38360 | Shoals:4 | Noticed a kraken
 38360 | Shoals:4 | Noticed a kraken
 38488 | Snake:1  | Entered Level 1 of the Snake Pit
 38488 | Snake:1  | Noticed Roxanne
 38488 | Snake:1  | Found Unumar's Distillery.
 38496 | Snake:1  | Killed Roxanne
 38499 | Snake:1  | Reached skill level 15 in Axes
 39156 | Snake:1  | Identified a +8 broad axe of distortion (a +6 vorpal broad
                  | axe corrupted by Lugonu)
 39156 | Snake:1  | Received a gift from Lugonu
 39502 | Snake:2  | Noticed Aizul
 39514 | Snake:2  | Killed Aizul
 39538 | Snake:2  | Noticed Azrael
 39557 | Snake:2  | Killed Azrael
 39613 | Snake:2  | You are sucked into a shaft and drop 1 floor!
 39672 | Snake:2  | Found a flickering gateway to a bazaar.
 39676 | Bazaar   | Entered a bazaar
 39690 | Bazaar   | Found Ytuiwn's Book Emporium.
 39725 | Bazaar   | Found Wifyug's Assorted Antiques.
 39741 | Bazaar   | Found Niunalyx's Antique Weapon Shoppe.
 39741 | Bazaar   | Found Akymeu's Jewellery Emporium.
 39804 | Bazaar   | Bought a heavily runed plate armour for 1008 gold pieces
 39804 | Bazaar   | Identified the +1 plate armour "Nouxif" {rElec Str-3 Int+2}
                  | (You bought it in a shop in a bazaar)
 39820 | Bazaar   | Bought a manual of Axes for 1120 gold pieces
 39922 | Snake:2  | Noticed Vashnia
 39933 | Snake:2  | Killed Vashnia
 39980 | Snake:2  | Reached skill level 14 in Fighting
 41803 | Snake:3  | Found Burar's Antique Armour Shop.
 42014 | Snake:4  | Entered Level 4 of the Snake Pit
 42057 | Snake:4  | Found Quaxtoax's Antique Armour Emporium.
 42065 | Snake:4  | Reached XP level 18. HP: 118/156 MP: 24/27
 42463 | Snake:4  | Found Nuxtug's Magic Scroll Emporium.
 42471 | Snake:4  | Bought a scroll of blinking for 112 gold pieces
 42471 | Snake:4  | Bought a scroll of blinking for 112 gold pieces
 42744 | Snake:4  | Found Ewid's Antique Weapon Shoppe.
 43059 | Snake:4  | Got a serpentine rune of Zot
 44396 | Shoals:4 | Got a barnacled rune of Zot
 44563 | Shoals:4 | Found a transporter.
 44571 | Shoals:4 | Noticed LustLizard's ghost (adept TrFi)
 44589 | Shoals:4 | Found a bloodstained altar of Trog.
 44617 | Shoals:4 | Found a transporter.
 45469 | Vaults:1 | Entered Level 1 of the Vaults
 45702 | Vaults:1 | Reached skill level 15 in Fighting
 45702 | Vaults:1 | Reached XP level 19. HP: 125/165 MP: 24/28
 47139 | Vaults:2 | Found a staircase to the Crypt.
 47143 | Vaults:2 | Reached skill level 15 in Shields
 47620 | Vaults:2 | Identified the +0 helmet of the Rose {rF+ Str+3}
 47940 | Vaults:2 | Reached XP level 20. HP: 175/175 MP: 27/29
 48020 | Vaults:2 | Reached skill level 16 in Fighting
 48129 | Vaults:2 | Found Racroag's Distillery.
 48166 | Vaults:2 | Bought a potion of heal wounds for 95 gold pieces
 48166 | Vaults:2 | Bought a potion of heal wounds for 95 gold pieces
 48166 | Vaults:2 | Bought a potion of cancellation for 152 gold pieces
 49722 | Vaults:4 | Found Unacluyd's Weapon Emporium.
 50640 | Vaults:4 | Reached skill level 17 in Fighting
 51494 | Depths:1 | Entered Level 1 of the Depths
 51766 | Depths:1 | Found a gateway to Hell.
 51902 | Depths:1 | Reached XP level 21. HP: 186/186 MP: 27/30
 52096 | Depths:1 | Found a faded altar of an unknown god.
 52096 | Depths:1 | Found a faded altar of an unknown god.
 52098 | Depths:1 | Found a hazy altar of Hepliaklqana.
 52361 | Lair:3   | Killed Rupert
 52480 | Snake:4  | Bought an embroidered scarf for 224 gold pieces
 52937 | Depths:2 | Identified the +4 spear of Qecuiqes {protect, rPois rF+
                  | Int+4 Dex-5}
 53100 | Depths:2 | Reached skill level 15 in Armour
 53188 | Depths:2 | Found a one-way gate leading to the halls of Pandemonium.
 53224 | Depths:2 | Found a one-way gateway to a ziggurat.
 53707 | Depths:2 | Reached skill level 15 in Dodging
 54353 | Depths:3 | Reached skill level 18 in Fighting
 54856 | Depths:4 | Entered Level 4 of the Depths
 54969 | Depths:4 | Noticed a juggernaut
 54979 | Depths:4 | Killed a juggernaut
 55106 | Depths:4 | Found a snail-covered altar of Cheibriados.
 55106 | Depths:4 | Found a hide-covered altar of Uskayaw.
 55107 | Depths:4 | Found a radiant altar of Vehumet.
 55238 | Depths:4 | Found a gate to the Realm of Zot.
 55325 | Depths:4 | Reached XP level 22. HP: 188/196 MP: 29/32
 55744 | Depths:4 | Acquired the +1 helmet "Fibbih" {rElec rF+ Dex+5 Stlth+}
 55864 | Depths:4 | Noticed a caustic shrike
 55873 | Depths:4 | Reached skill level 15 in Invocations
 55882 | Depths:4 | Killed a caustic shrike
 56388 | Elf:1    | Entered Level 1 of the Elven Halls
 56406 | Elf:1    | Paralysed by an air elemental for 1 turns
 56780 | Elf:1    | Found Kane's Armour Shop.
 56808 | Elf:1    | Paralysed by an air elemental for 1 turns
 56851 | Elf:1    | Got the Catalogue of Summoning
 57678 | Elf:2    | Found Zirch's Magic Scroll Shop.
 57686 | Elf:2    | Bought a scroll of magic mapping for 112 gold pieces
 57686 | Elf:2    | Bought a scroll of magic mapping for 112 gold pieces
 57686 | Elf:2    | Bought a scroll of magic mapping for 112 gold pieces
 57686 | Elf:2    | Bought a scroll of blinking for 112 gold pieces
 57981 | Elf:2    | Found a huge runed translucent gate.
 57981 | Elf:2    | Found a huge runed translucent gate.
 57981 | Elf:2    | Found a huge runed translucent gate.
 57983 | Elf:2    | Found a huge runed translucent gate.
 57984 | Elf:2    | Found a huge runed translucent gate.
 58410 | Elf:3    | Entered Level 3 of the Elven Halls
 58517 | Elf:3    | Reached XP level 23. HP: 205/205 MP: 23/34
 58521 | Elf:3    | Paralysed by an air elemental for 1 turns
 58524 | Elf:3    | Reached skill level 19 in Fighting
 58876 | Elf:3    | Identified the ring of Lust {rC+ Str-4 Dex+6 Stlth+}
 59545 | Elf:3    | Identified the +6 scimitar "Mikolina" {vorpal, Contam rF+
                  | rCorr Str+4}
 59580 | Elf:3    | Identified the +3 robe of the Arena {Fly Dex+2}
 59583 | Elf:3    | Identified the +6 great sword of Discomfort {drain, rElec
                  | rC+ Will+ Str+3}
 59591 | Elf:3    | Found the +2 cloak of the Thief {*Fog Slay-2 SInv Stlth+}
 59622 | Elf:3    | Got the Secrets of the Five Ghosts
 59642 | Elf:3    | Identified the +9 quarterstaff of Eternal Vigilance {venom,
                  | Fly rElec rF- Str+4}
 59670 | Elf:3    | Identified the +1 arbalest of the Forest {freeze, Fragile
                  | rElec rN+ Int+4}
 59758 | Elf:3    | Identified the +4 ring mail of Resonance {rF+ Int+6 Dex+3}
 60074 | Slime:1  | Entered Level 1 of the Pits of Slime
 60226 | Slime:3  | Gained mutation: You do not regenerate when monsters are
                  | visible. [a shining eye]
 60234 | Slime:2  | Found a shimmering altar of Xom.
 60533 | Slime:2  | Lost mutation: You are partially covered in iridescent
                  | scales. (AC +2) [potion of mutation]
 60533 | Slime:2  | Lost mutation: You do not regenerate when monsters are
                  | visible. [potion of mutation]
 60533 | Slime:2  | Gained mutation: You are strong-willed. (Will+) [potion of
                  | mutation]
 60533 | Slime:2  | Gained mutation: You have hidden genetic defects. [potion
                  | of mutation]
 60533 | Slime:2  | Gained mutation: Your magical capacity is low. (-10% MP)
                  | [potion of mutation]
 60533 | Slime:2  | Gained mutation: Your spells are a little harder to cast,
                  | but a little more powerful. [potion of mutation]
 60545 | Slime:3  | Gained mutation: You are weak. (Str -2) [a shining eye]
 60849 | Slime:3  | Gained mutation: You are very weak. (Str -4) [a shining
                  | eye]
 60852 | Slime:3  | Lost mutation: You are strong-willed. (Will+) [potion of
                  | mutation]
 60852 | Slime:3  | Lost mutation: Your magical capacity is low. (-10% MP)
                  | [potion of mutation]
 60852 | Slime:3  | Gained mutation: Your mind is acute. (Int +4, Str/Dex -1)
                  | [potion of mutation]
 60852 | Slime:3  | Gained mutation: Your system is resistant to poisons.
                  | (rPois) [potion of mutation]
 60852 | Slime:3  | Gained mutation: You expend magic power (3 MP) to
                  | strengthen your wands. [potion of mutation]
 60912 | Slime:5  | Entered Level 5 of the Pits of Slime
 60935 | Slime:5  | Noticed the Royal Jelly
 60959 | Slime:5  | Killed the Royal Jelly
 61143 | Slime:5  | Gained mutation: You are clumsy. (Dex -2) [a shining eye]
 61162 | Slime:5  | Got the Codex of Transfiguration
 61167 | Slime:5  | Identified the amulet "Vixi" {Reflect rN+ rCorr Str+3 Dex+4
                  | SH+5}
 61211 | Slime:5  | Got Fipuaw's Vellum of Shapes
 61282 | Slime:5  | Got a slimy rune of Zot
 61557 | Depths:1 | Voluntarily entered the Abyss.
 61591 | Abyss:1  | Gained mutation: You are very clumsy. (Dex -4) [hidden
                  | defects]
 61642 | Depths:1 | Escaped the Abyss
 61800 | Depths:1 | Lost mutation: Your spells are a little harder to cast, but
                  | a little more powerful. [potion of mutation]
 61800 | Depths:1 | Lost mutation: You are very weak. (Str -4) [potion of
                  | mutation]
 61800 | Depths:1 | Lost mutation: You expend magic power (3 MP) to strengthen
                  | your wands. [potion of mutation]
 61800 | Depths:1 | Gained mutation: You are very weak. (Str -4) [potion of
                  | mutation]
 61800 | Depths:1 | Gained mutation: Your body sometimes deteriorates upon
                  | taking damage. [potion of mutation]
 61801 | Depths:1 | Lost mutation: You are very weak. (Str -4) [potion of
                  | mutation]
 61801 | Depths:1 | Lost mutation: You have hidden genetic defects. [potion of
                  | mutation]
 61801 | Depths:1 | Gained mutation: You are covered in fur. (AC +1) [potion of
                  | mutation]
 61802 | Depths:1 | Lost mutation: Your system is resistant to poisons. (rPois)
                  | [potion of mutation]
 61802 | Depths:1 | Lost mutation: You are covered in fur. (AC +1) [potion of
                  | mutation]
 61802 | Depths:1 | Lost mutation: You are very clumsy. (Dex -4) [potion of
                  | mutation]
 61802 | Depths:1 | Gained mutation: Your body often deteriorates upon taking
                  | damage. [potion of mutation]
 61802 | Depths:1 | Lost mutation: Your mind is acute. (Int +4, Str/Dex -1)
                  | [potion of mutation]
 61802 | Depths:1 | Gained mutation: Your flesh is cold resistant. (rC+)
                  | [potion of mutation]
 61803 | Depths:1 | Lost mutation: You are weak. (Str -2) [potion of mutation]
 61803 | Depths:1 | Lost mutation: Your flesh is cold resistant. (rC+) [potion
                  | of mutation]
 61803 | Depths:1 | Gained mutation: You have large cloven feet. [potion of
                  | mutation]
 61804 | Depths:1 | Lost mutation: Your body often deteriorates upon taking
                  | damage. [potion of mutation]
 61804 | Depths:1 | Lost mutation: You are clumsy. (Dex -2) [potion of
                  | mutation]
 61804 | Depths:1 | Lost mutation: You have large cloven feet. [potion of
                  | mutation]
 61804 | Depths:1 | Gained mutation: You have a pair of small antennae on your
                  | head. [potion of mutation]
 61804 | Depths:1 | Gained mutation: Your mind is acute. (Int +4, Str/Dex -1)
                  | [potion of mutation]
 61805 | Depths:1 | Lost mutation: Your body sometimes deteriorates upon taking
                  | damage. [potion of mutation]
 61805 | Depths:1 | Lost mutation: Your mind is acute. (Int +4, Str/Dex -1)
                  | [potion of mutation]
 61805 | Depths:1 | Lost mutation: You have a pair of small antennae on your
                  | head. [potion of mutation]
 61805 | Depths:1 | Gained mutation: Your mind is acute. (Int +4, Str/Dex -1)
                  | [potion of mutation]
 61805 | Depths:1 | Gained mutation: You possess an exceptional clarity of
                  | mind. [potion of mutation]
 61805 | Depths:1 | Gained mutation: You are partially covered in iridescent
                  | scales. (AC +2) [potion of mutation]
 62020 | Vaults:2 | Bought a potion of mutation for 152 gold pieces
 62139 | Vaults:5 | Entered Level 5 of the Vaults
 62151 | Vaults:5 | Corrupted Vaults:5
 62181 | Vaults:5 | Reached skill level 20 in Fighting
 62224 | Vaults:5 | Reached skill level 10 in Evocations
 62301 | Vaults:5 | Reached XP level 24. HP: 197/218 MP: 35/35
 62319 | Vaults:5 | Noticed an ancient lich
 62330 | Vaults:5 | Banished an ancient lich
 62428 | Vaults:5 | Identified the -1 cloak of the Worm {Dex+4}
 62514 | Vaults:5 | Identified the +4 ring mail of Atheism {Int+2}
 62631 | Vaults:5 | Noticed a dread lich
 62636 | Vaults:5 | Killed a dread lich
 62727 | Vaults:5 | Identified the +2 leather armour of Compassion {Int+4}
 62809 | Vaults:5 | Noticed Sojobo
 62817 | Vaults:5 | Killed Sojobo
 62835 | Vaults:5 | Noticed a dread lich
 62845 | Vaults:5 | Killed a dread lich
 62942 | Vaults:5 | Identified the +5 dagger "Yrae" {vorpal, Str+3 Int-3 Dex+5
                  | Stlth+}
 63098 | Vaults:5 | Got a silver rune of Zot
 63111 | Vaults:5 | Identified the +5 short sword "Mocs" {drain, rElec Str-5
                  | Int+4}
 63287 | Vaults:5 | Identified the +7 sling "Tufedd" {vorpal, rC+}
 63845 | Crypt:1  | Entered Level 1 of the Crypt
 63872 | Crypt:1  | Noticed Margery
 63878 | Crypt:1  | Noticed Mennas
 63884 | Crypt:1  | Noticed Zenata
 63888 | Crypt:1  | Killed Margery
 63893 | Crypt:1  | Banished Zenata
 63911 | Crypt:1  | Killed Mennas
 64000 | Crypt:1  | Reached skill level 21 in Fighting
 64425 | Crypt:1  | Identified the +1 plate armour of the Shining One's Hope
                  | {MP+9}
 65729 | Crypt:3  | Entered Level 3 of the Crypt
 65817 | Crypt:3  | Reached XP level 25. HP: 230/230 MP: 34/35
 66470 | Crypt:3  | Found a staircase to the Tomb.
 66517 | Crypt:3  | Identified the +1 demon whip of the Bruised Loafs {pain,
                  | rF++ Dex-4}
 66531 | Crypt:3  | Found a basalt altar of Yredelemnul.
 66531 | Crypt:3  | Found an ancient bone altar of Kikubaaqudgha.
 66721 | Crypt:3  | Identified the +2 pair of gloves of Wariness {Will- MP+9
                  | Dex+5 SInv}
 66780 | Crypt:3  | Got Qugat's Octavo of Friendly Excavation
 66792 | Crypt:3  | Identified the +0 scale mail of the Stonemason {Int+9 Dex-2
                  | Stlth-}
 67315 | Depths:1 | Voluntarily entered the Abyss.
 67416 | Abyss:1  | Killed an ancient lich
 67430 | Abyss:1  | Reached skill level 22 in Fighting
 67522 | Abyss:1  | Killed Zenata
 67581 | Abyss:1  | Found a corrupted altar of Lugonu.
 67639 | Abyss:1  | Killed Amaemon
 67698 | Abyss:3  | Killed Erica
 67921 | Abyss:3  | Got an abyssal rune of Zot
 67927 | Depths:1 | Escaped the Abyss
 68092 | Zot:1    | Entered Level 1 of the Realm of Zot
 68178 | Zot:1    | Noticed an orb of fire
 68201 | Zot:1    | Killed an orb of fire
 68430 | Zot:1    | Noticed an orb of fire
 68441 | Zot:1    | Gained mutation: You have hidden genetic defects. [an orb
                  | of fire]
 68442 | Zot:1    | Killed an orb of fire
 69160 | Zot:2    | Reached XP level 26. HP: 240/241 MP: 31/36
 69487 | Zot:2    | Lost mutation: You possess an exceptional clarity of mind.
                  | [hidden defects]
 69602 | Zot:2    | Identified the +1 leather armour of Fashionability {+Blink
                  | rElec}
 70616 | Zot:3    | Gained mutation: You sometimes lose your temper in combat.
                  | [hidden defects]
 70616 | Zot:3    | Lost mutation: You have hidden genetic defects. [hidden
                  | defects expressed]
 70662 | Zot:3    | Lost mutation: You sometimes lose your temper in combat.
                  | [potion of mutation]
 70662 | Zot:3    | Lost mutation: You are partially covered in iridescent
                  | scales. (AC +2) [potion of mutation]
 70662 | Zot:3    | Gained mutation: Your flesh is heat resistant. (rF+)
                  | [potion of mutation]
 70662 | Zot:3    | Gained mutation: You are partially covered in large bone
                  | plates. (SH +4) [potion of mutation]
 71231 | Zot:4    | Reached skill level 23 in Fighting
 71949 | Zot:4    | Acquired the ring of the Two Names {rPois Will+ EV+4 Int+4}
 72535 | Zot:5    | Entered Level 5 of the Realm of Zot
 74020 | Pan      | Entered Pandemonium
 74202 | Pan      | Noticed Fejorif the pandemonium lord
 74210 | Pan      | Killed Fejorif the pandemonium lord
 74277 | Pan      | Entered the realm of Gloorx Vloq.
 74325 | Pan      | Reached XP level 27. HP: 251/251 MP: 27/36
 74347 | Pan      | Learned a level 1 spell: Apportation
 74359 | Pan      | Noticed Gloorx Vloq
 74373 | Pan      | Banished Gloorx Vloq
 74381 | Pan      | Got a dark rune of Zot
 75886 | Pan      | Noticed Cutzuos the pandemonium lord
 75897 | Pan      | Killed Cutzuos the pandemonium lord
 76168 | Pan      | Found a runed translucent door.
 76192 | Pan      | Got a demonic rune of Zot
 76274 | Pan      | Reached skill level 24 in Fighting
 76406 | Pan      | Noticed Izeisein the pandemonium lord
 76553 | Pan      | Banished Izeisein the pandemonium lord
 76559 | Pan      | Lost mutation: Your mind is acute. (Int +4, Str/Dex -1) [a
                  | cacodemon]
 76880 | Pan      | Found an exit through the horrors of the Abyss.
 77437 | Pan      | Entered the realm of Mnoleg.
 77504 | Pan      | Gained mutation: You occasionally lose the ability to read
                  | scrolls when taking damage. [a neqoxec]
 77520 | Pan      | Gained mutation: You are dopey. (Int -2) [a neqoxec]
 77528 | Pan      | Paralysed by a floating eye for 3 turns
 77535 | Pan      | Gained mutation: Your magical capacity is low. (-10% MP) [a
                  | neqoxec]
 77587 | Pan      | Noticed Mnoleg
 77589 | Pan      | Paralysed by a floating eye for 2 turns
 77604 | Pan      | Gained mutation: Your body sometimes deteriorates upon
                  | taking damage. [a cacodemon]
 77613 | Pan      | Banished Mnoleg
 77614 | Pan      | Gained mutation: You are weak. (Str -2) [a cacodemon]
 77631 | Pan      | Paralysed by a floating eye for 2 turns
 77636 | Pan      | Gained mutation: You are very dopey. (Int -4) [a cacodemon]
 77637 | Pan      | Gained mutation: Your body often deteriorates upon taking
                  | damage. [a cacodemon]
 77699 | Pan      | Got a glowing rune of Zot
 77729 | Pan      | Lost mutation: Your body often deteriorates upon taking
                  | damage. [potion of mutation]
 77729 | Pan      | Lost mutation: You are weak. (Str -2) [potion of mutation]
 77729 | Pan      | Gained mutation: You are partially covered in iridescent
                  | scales. (AC +2) [potion of mutation]
 77730 | Pan      | Lost mutation: You occasionally lose the ability to read
                  | scrolls when taking damage. [potion of mutation]
 77730 | Pan      | Lost mutation: Your magical capacity is low. (-10% MP)
                  | [potion of mutation]
 77730 | Pan      | Lost mutation: Your body sometimes deteriorates upon taking
                  | damage. [potion of mutation]
 77730 | Pan      | Gained mutation: You possess an exceptional clarity of
                  | mind. [potion of mutation]
 77730 | Pan      | Gained mutation: Your system is resistant to poisons.
                  | (rPois) [potion of mutation]
 77786 | Pan      | Found an exit through the horrors of the Abyss.
 77834 | Pan      | Entered the realm of Cerebov.
 77950 | Pan      | Identified the +9 quarterstaff of Iconoclasm {venom, SInv}
 78020 | Pan      | Identified the ring "Teofaocw" {rPois Str+4}
 78130 | Pan      | Found the +6 sword of Cerebov {flame}
 78130 | Pan      | Noticed Cerebov
 78466 | Pan      | Killed Cerebov
 78623 | Pan      | Identified the +1 chain mail "Yschuvuq" {Dex+2 Slay+3 SInv}
 78624 | Pan      | Identified the +4 sling "Uzeah" {freeze, Will+}
 78629 | Pan      | Identified the +4 long sword of Distant Shores {elec, rC+
                  | Int+4}
 78634 | Pan      | Identified the +10 shortbow of Arbitration {freeze, rC+}
 78659 | Pan      | Got a fiery rune of Zot
 78718 | Pan      | Identified the amulet of Lugonu's Respect {Acrobat Harm
                  | Str-3 Stlth+}
 78742 | Pan      | Got the Meditations on Unstable Changing
 78759 | Pan      | Learned a level 2 spell: Wereblood
 78912 | Pan      | Reached skill level 1 in Transmutations
 78917 | Pan      | Reached skill level 25 in Fighting
 78917 | Pan      | Reached skill level 1 in Spellcasting
 79147 | Pan      | Found an exit through the horrors of the Abyss.
 79321 | Pan      | Noticed Nyttah the pandemonium lord
 79343 | Pan      | Killed Nyttah the pandemonium lord
 79984 | Pan      | Entered the realm of Lom Lobon.
 80035 | Pan      | Acquired the ring "Hewaul" {rF+ Will- Str+2 Slay+5 Stlth-}
 80048 | Pan      | Noticed Lom Lobon
 80080 | Pan      | Banished Lom Lobon
 80201 | Pan      | Got a magical rune of Zot
 80553 | Pan      | Found an exit through the horrors of the Abyss.
 81149 | Pan      | Noticed Loine the pandemonium lord
 81153 | Pan      | Banished Loine the pandemonium lord
 81713 | Pan      | Gained mutation: You occasionally lose the ability to read
                  | scrolls when taking damage. [a neqoxec]
 82001 | Pan      | Found an exit through the horrors of the Abyss.
 82227 | Pan      | Gained mutation: You are weak. (Str -2) [a neqoxec]
 82329 | Pan      | Reached skill level 5 in Transmutations
 82930 | Pan      | Noticed Acsoyru the pandemonium lord
 82949 | Pan      | Killed Acsoyru the pandemonium lord
 82950 | Pan      | Reached skill level 1 in Throwing
 83225 | Pan      | Reached skill level 5 in Spellcasting
 83567 | Pan      | Noticed Uneogos the pandemonium lord
 83588 | Pan      | Noticed Pefes the pandemonium lord
 83600 | Pan      | Killed Pefes the pandemonium lord
 83619 | Pan      | Gained mutation: You are very weak. (Str -4) [a neqoxec]
 84361 | Pan      | Noticed Boyf the pandemonium lord
 84379 | Pan      | Banished Boyf the pandemonium lord
 84487 | Pan      | Found an opulent altar of Gozag.
 84487 | Pan      | Found Tuonwoq's Book Shoppe.
 84671 | Pan      | Noticed Tuonwoq the pandemonium lord
 84673 | Pan      | Found Tuonwoq's Assorted Sundries.
 84686 | Pan      | Killed Tuonwoq the pandemonium lord
 84759 | Pan      | Found an opulent altar of Gozag.
 84773 | Pan      | Found Tuonwoq's Rarities Supply.
 84778 | Pan      | Found an opulent altar of Gozag.
 84781 | Pan      | Noticed a dread lich
 84786 | Pan      | Noticed a dread lich
 84792 | Pan      | Killed a dread lich
 84793 | Pan      | Found Tuonwoq's Jewellery Shoppe.
 84804 | Pan      | Killed a dread lich
 84837 | Pan      | Bought a potion of haste for 200 gold pieces
 84837 | Pan      | Bought the +14 plate armour of Pessimism {rF- rN+ Will+++
                  | Slay+6} for 2648 gold pieces
 84849 | Pan      | Bought the +3 cloak "Foul" {rC+ rN+ rCorr Stlth-} for 502
                  | gold pieces
 85123 | Pan      | Reached skill level 5 in Throwing
 85380 | Pan      | Reached skill level 15 in Evocations
 86477 | Pan      | Noticed Esechoc the pandemonium lord
 86850 | Pan      | Found an exit through the horrors of the Abyss.
 86873 | Pan      | Banished Esechoc the pandemonium lord
 87303 | Pan      | Lost mutation: You possess an exceptional clarity of mind.
                  | [a cacodemon]
 87472 | Pan      | Identified the ring "Xirchel" {Fire Str+3}
 87730 | Pan      | Noticed Raosask the pandemonium lord
 87947 | Pan      | Identified the ring "Agylasih" {rC++ rCorr Str+4 Int-4}
 88258 | Pan      | Found an exit through the horrors of the Abyss.
 88636 | Pan      | Acquired 911 gold pieces
 88718 | Pan      | Corrupted Pan
 88774 | Pan      | Killed Raosask the pandemonium lord
 89249 | Pan      | Found an exit through the horrors of the Abyss.
 89375 | Pan      | Lost mutation: You are very weak. (Str -4) [a neqoxec]
 89376 | Pan      | Reached skill level 26 in Fighting
 89378 | Pan      | Noticed Teferraz the pandemonium lord
 89386 | Pan      | Killed Teferraz the pandemonium lord
 89389 | Pan      | Gained mutation: You occasionally shout uncontrollably at
                  | your foes. [a neqoxec]
 89394 | Pan      | Reached skill level 1 in Translocations
 89437 | Depths:2 | Escaped Pandemonium
 89464 | Hell     | Entered the Vestibule of Hell
 89464 | Hell     | Noticed Geryon
 89464 | Hell     | Noticed Murray
 89473 | Hell     | Killed Murray
 89486 | Hell     | Killed Geryon
 89568 | Hell     | Found a gateway to the Iron City of Dis.
 89575 | Dis:1    | Entered Level 1 of the Iron City of Dis
 90058 | Dis:3    | You are sucked into a shaft and drop 1 floor!
 90065 | Dis:4    | Noticed a dread lich
 90094 | Dis:5    | Killed a dread lich
 90621 | Zot:5    | Noticed an orb of fire
 90635 | Zot:5    | Killed an orb of fire
 90635 | Zot:5    | Noticed an orb of fire
 90637 | Zot:5    | Noticed an orb of fire
 90639 | Zot:5    | Noticed an orb of fire
 90641 | Zot:5    | Noticed an orb of fire
 90642 | Zot:5    | Gained mutation: You are occasionally teleported next to
                  | monsters. [an orb of fire]
 90644 | Zot:5    | Noticed an orb of fire
 90645 | Zot:5    | Noticed an orb of fire
 90645 | Zot:5    | Noticed a dread lich
 90648 | Zot:5    | Noticed an orb of fire
 90651 | Zot:5    | Corrupted Zot:5
 90656 | Zot:5    | Gained mutation: You are frail. (-10% HP) [an orb of fire]
 90658 | Zot:5    | Killed an orb of fire
 90666 | Zot:5    | Killed an orb of fire
 90667 | Zot:5    | Gained mutation: You occasionally lose the ability to drink
                  | potions when taking damage. [an orb of fire]
 90678 | Zot:5    | Gained mutation: You are clumsy. (Dex -2) [an orb of fire]
 90835 | Zot:4    | Lost mutation: You occasionally shout uncontrollably at
                  | your foes. [potion of mutation]
 90835 | Zot:4    | Lost mutation: You occasionally lose the ability to drink
                  | potions when taking damage. [potion of mutation]
 90835 | Zot:4    | Lost mutation: You are occasionally teleported next to
                  | monsters. [potion of mutation]
 90835 | Zot:4    | Lost mutation: You are weak. (Str -2) [potion of mutation]
 90835 | Zot:4    | Lost mutation: You are very dopey. (Int -4) [potion of
                  | mutation]
 90836 | Zot:4    | Lost mutation: You are frail. (-10% HP) [potion of
                  | mutation]
 90836 | Zot:4    | Lost mutation: You are clumsy. (Dex -2) [potion of
                  | mutation]
 90836 | Zot:4    | Gained mutation: You are frail. (-10% HP) [potion of
                  | mutation]
 90836 | Zot:4    | Gained mutation: Your tail ends in a venomous barb. [potion
                  | of mutation]
 90837 | Zot:4    | Lost mutation: You are partially covered in large bone
                  | plates. (SH +4) [potion of mutation]
 90837 | Zot:4    | Lost mutation: You occasionally lose the ability to read
                  | scrolls when taking damage. [potion of mutation]
 90837 | Zot:4    | Gained mutation: You have a pair of small antennae on your
                  | head. [potion of mutation]
 90837 | Zot:4    | Gained mutation: You are agile. (Dex +4, Str/Int -1)
                  | [potion of mutation]
 90838 | Zot:4    | Lost mutation: You are agile. (Dex +4, Str/Int -1) [potion
                  | of mutation]
 90838 | Zot:4    | Lost mutation: You have a pair of small antennae on your
                  | head. [potion of mutation]
 90838 | Zot:4    | Lost mutation: Your tail ends in a venomous barb. [potion
                  | of mutation]
 90849 | Zot:5    | Killed an orb of fire
 90849 | Zot:5    | Gained mutation: Your body sometimes deteriorates upon
                  | taking damage. [an orb of fire]
 90854 | Zot:5    | Killed an orb of fire
 90858 | Zot:5    | Gained mutation: You occasionally shout uncontrollably at
                  | your foes. [an orb of fire]
 90859 | Zot:5    | Killed an orb of fire
 90860 | Zot:5    | Reached skill level 5 in Translocations
 90870 | Zot:5    | Gained mutation: You are very dopey. (Int -4) [an orb of
                  | fire]
 90870 | Zot:5    | Gained mutation: You occasionally lose the ability to drink
                  | potions when taking damage. [an orb of fire]
 90870 | Zot:5    | Gained mutation: Your body often deteriorates upon taking
                  | damage. [an orb of fire]
 90871 | Zot:5    | Killed an orb of fire
 90873 | Zot:5    | Killed an orb of fire
 90876 | Zot:5    | Banished a dread lich
 90879 | Zot:5    | Reached skill level 10 in Transmutations
 90905 | Zot:5    | Noticed an orb of fire
 90905 | Zot:5    | Gained mutation: Your spells are a little easier to cast,
                  | but a little less powerful. [an orb of fire]
 90912 | Zot:5    | Noticed an ancient lich
 90918 | Zot:5    | Killed an orb of fire
 90920 | Zot:5    | Killed an ancient lich
 90934 | Zot:5    | Noticed an orb of fire
 90946 | Zot:5    | Killed an orb of fire
 91003 | Zot:5    | Got the Orb of Zot
 91026 | Zot:5    | Noticed Qeunwood the pandemonium lord
 91051 | Zot:5    | Banished Qeunwood the pandemonium lord
 91578 | D:$      | Escaped with the Orb!

Illustrated notes

Levels and vault maps discovered:
D:1:      heliophobic_arrival_glass_houses, layout_rooms, serial_rivers,
          chequers_serial_rivers_micro_d, chequers_serial_rivers_room_a,
          chequers_serial_rivers_micro_c, chequers_serial_rivers_large_a,
          shapermc_ecumenical_altar_notcrosses
D:2:      layout_basic, uniq_crazy_yiuf_cottage, uniq_robin
D:3:      layout_basic, gammafunk_temple_overflow_forgotten,
          cheibrodos_sewer_entry_sluice, gammafunk_ghost_abyssal_escape
D:4:      layout_basic, nicolae_gozag_seed_capital, uniq_duvessa,
          uniq_blork_the_orc, uniq_ijyb, uniq_eustachio
D:5:      layout_loops_corners, mainiacjoe_overflow_cross_hatched
D:6:      layout_loops_corners, chequers_temple_overflow_statue_of_worship,
          uniq_menkaure, uniq_grinder
D:7:      layout_loops_cross, slow_altar_1, minmay_temple_entry_purple_smoke,
          enter_bailey_3, hangedman_abyss_or_decor_stabs,
          dreamdust_mushroom_princess
D:8:      layout_rooms, item_on_display_a, uniq_erica
D:9:      gammafunk_beogh_shrine, layout_cave_pools, orc_0_dummy,
          nicolae_diode_quadrants, uniq_amaemon
D:10:     layout_loops_cross, minivault_16
D:11:     layout_cave_pools, david_lair_shrubbed, serial_co_window_serial,
          co_window_paths_a, co_window_corner_a, co_window_corner_a,
          co_window_paths_b, co_window_paths_a, co_window_corner_b,
          co_window_corner_ca, co_window_broadway_a, glass_columns_a,
          glass_columns_b
D:12:     minmay_bubble_buster, layout_irregular_city, gammafunk_ghost_smash,
          uniq_kirke, uniq_gastronok, uniq_sonja
D:13:     minmay_outward_triangles, layout_small_grid,
          lightli_vaults_fourway_checkpoint, kennysheep_decorative_pillar,
          chequers_jeans, yredelemnul_altar_generic
D:14:     layout_basic, gauntlet_entry_generic, nemelex_diamond_rough_becter,
          uniq_josephine
D:15:     grunt_enter_depths_giant_problem, layout_rooms, serial_bayou_pond_d,
          wad_dig_loot
Lair:1:   layout_cave_shapes, chequers_serial_rivers_micro_b,
          columned_hall_lemuel
Lair:2:   layout_hall_layers, minmay_shoals_entry_centaurs, lemuel_oklob_altar,
          uniq_nergalle
Lair:3:   layout_small_grid, minmay_snake_entry_guardpost_large, uniq_rupert
Lair:4:   layout_hall_layers
Lair:5:   evilmike_catoblepas_cave, layout_regular_city, slime_entry_1
Shoals:1: layout_shoals, uniq_louise, uniq_jorgrun
Shoals:2: layout_shoals, st_cyclops, uniq_mlioglotl, uniq_nikola
Shoals:3: cheibrodos_shoals_epimethial_gifts, layout_shoals,
          portal_ice_cave_entry_ugly_swarm, serial_shops, shop
Shoals:4: shoals_end_grunt_garden, layout_shoals,
          gammafunk_ghost_wrathful_warriors, nicolae_shoals_kraken_party
Snake:1:  layout_layer_cave, serial_shops, nicolae_take_the_stairs, uniq_roxanne
Snake:2:  layout_onion_interference, serial_shops, bzr_in_the_mist, uniq_azrael,
          uniq_vashnia, uniq_aizul
Snake:3:  layout_basic, serial_shops, nicolae_shop_overgrown_old_shop
Snake:4:  hellmonk_snake_rune_quicksilver_temple, layout_cave_shapes,
          serial_shops, nicolae_shop_trees, nicolae_shop_hallway_stairs, shop,
          drop_trap, serial_bayou_shore_b
Slime:1:  layout_caves
Slime:2:  layout_caves, basic_altar, cheibrodos_slime_lost_civilization_5
Slime:3:  layout_caves
Slime:4:  layout_caves, special_room [special_room_jelly]
Slime:5
Orc:1:    dreamdust_wu_jian_sword_trials, layout_diamond_mine, basic_altar
Orc:2:    grunt_orc_gardens, layout_diamond_mine, grunt_orc_garden,
          grunt_orc_garden, grunt_orc_garden, grunt_orc_garden, serial_shops,
          shop_statue, basic_altar, elves_outpost_lemuel
Elf:1:    layout_loops_ring, serial_shops, nicolae_shop_waterfront,
          minmay_elf_demonology
Elf:2:    elven_hall_of_blades_hangedman_alternative
          [nicolae_blade_entry_antechamber], layout_loops_corners, serial_shops,
          nicolae_shop_behind_doors, chequers_big_river
Elf:3:    minmay_elf_hall_not_hex, layout_loops_corners
Vaults:1: v_misc_24, v_misc_31, vaults_mumra_minichess,
          nicolae_vaults_network_star, v_misc_13, vaults_room_stairs_pillars,
          vaults_room_grunt_arrival_checkpoint, nicolae_vaults_ninety_degrees,
          nicolae_vaults_fighting_squares, hangedman_vaults_nodes, serial_ice_m,
          layout_vaults_omnibox
Vaults:2: ontoclasm_vaults_fault, kb_rosetta, nicolae_vaults_little_squares_2,
          grunt_vaults_twisty, hangedman_vaults_maws, nicolae_vaults_big_ls,
          blue_anna_dwarven_crypt, v_rooms_4, ontoclasm_vaults_tryst,
          v_alt_pattern_6, nicolae_vaults_alarming, layout_vaults_ring,
          serial_shops, shop
Vaults:3: nicolae_vaults_asterisk, v_misc_29, nicolae_vaults_little_ls,
          special_room_vaults [special_room_orc],
          nicolae_vaults_little_squares_4, vaults_room_fours,
          vaults_dpeg_encased_lava, vaults_room_door_ring,
          layout_vaults_omnigrid
Vaults:4: ontoclasm_vaults_spin, hangedman_vaults_impose,
          hangedman_vaults_unwind, v_misc_25, vaults_room_door_hall, v_rooms_5,
          v_misc_5, vaults_dpeg_cross, vaults_room_pool,
          nicolae_vaults_stairing_the_circle, vaults_room_semicircle,
          nicolae_vaults_ring_of_whatevers, nicolae_vaults_asterisk,
          layout_vaults_omnicross, serial_shops, shop
Vaults:5: uniq_sojobo
Crypt:1:  layout_misc_corridors, grunt_crypt_arrival_guarded_gate, uniq_margery,
          uniq_mennas, uniq_zenata
Crypt:2:  layout_misc_corridors
Crypt:3:  lightli_unholy_cathedral, layout_chaotic_city
Depths:1: layout_big_octagon, pf_hell_entry_tar_river, abyss_entry,
          nicolae_hepliaklqana_ecumenical_no_more, amcnicky_mini_pool_small,
          dpeg_stationary_puzzle
Depths:2: kennysheep_windowed_halls, layout_cave_pools, enter_ziggurat_b,
          minmay_misc_feat_tiny, hell_entry, pan_entry
Depths:3: nicolae_cairo_tiling, layout_cave_pools, grunt_mini_vestibule,
          skrybe_limestone_x, nicolae_abyss_entry_one_way_or_another
Depths:4: hangedman_slaughterboxes, abyss_entry, pan_entry, hell_entry
Hell
Dis:1:    layout_subdivisions, nicolae_dis_spooky_hallway
Dis:2:    layout_gridville, nicolae_hells_fiendish_ambush
Dis:3:    hangedman_dis_monolith, layout_regular_city
Dis:4:    layout_regular_city, serial_glass, glass_columns_c, glass_columns_a,
          glass_columns_a, glass_columns_a, glass_columns_a, evilmike_ambush
          [evilmike_ambush_outer_basic, evilmike_ambush_inner_basic]
Dis:5:    layout_gridville
Dis:6:    layout_overlapping_boxes
Zot:1:    layout_misc_corridors
Zot:2:    layout_onion, zot_minivault_1, grunt_megastairs_4
Zot:3:    kennysheep_bubbly, layout_gridlike, grunt_megastairs_1
Zot:4:    layout_twisted_circle, lemuel_golem_globe
Zot:5:    layout_gridlike

Skill      XL: |  1  2  3  4  5  6  7  8  9 10 11 12 13 14 15 16 17 18 19 20 21 22 23 24 25 26 27 |
---------------+----------------------------------------------------------------------------------+-----
Dodging        | 1 2 3 4 5 6 7 8 9 10 11 12 13 14 15 16 17 18 21 | 21.1
Armour         | 2 3 4 5 6 7 8 9 10 11 12 13 14 15 16 17 18 19 20 22 | 22.8
Invocations    | 3 4 6 7 8 9 10 11 12 13 14 15 16 17 18 19 | 19.5
Axes           | 3 4 5 6 7 8 9 10 11 13 14 16 18 20 21 | 21.6
Fighting       | 4 5 6 7 8 9 10 11 12 13 14 15 17 18 20 21 22 23 26 | 26.5
Evocations     | 3 5 6 8 10 11 12 13 16 | 16.3
Shields        | 6 10 12 14 15 16 17 18 19 20 | 20.2
Transmutations | 10 | 10.4
Spellcasting   | 9 |  9.6
Throwing       | 9 |  9.8
Translocations | 6 |  6.1

Action                   |  1- 3 |  4- 6 |  7- 9 | 10-12 | 13-15 | 16-18 | 19-21 | 22-24 | 25-27 || total
-------------------------+-------+-------+-------+-------+-------+-------+-------+-------+-------++-------
Melee: Hand axe          |    24 |       |       |       |       |       |       |       |       ||    24
       Tailslap          |     6 |    15 |    30 |    73 |   137 |   205 |   242 |   331 |   827 ||  1866
       Whip              |    75 |     7 |       |       |       |       |       |       |       ||    82
       Punch             |     2 |     1 |     2 |       |     5 |       |       |       |       ||    10
       War axe           |       |   169 |     2 |       |   725 |   755 |       |       |       ||  1651
       Kick              |       |     5 |    67 |   155 |   242 |    11 |       |       |       ||   480
       Broad axe         |       |       |   220 |    34 |       |   277 |  1086 |  1401 |  3474 ||  6492
       Battleaxe         |       |       |       |   478 |    39 |       |       |       |       ||   517
       Morningstar       |       |       |       |       |     5 |       |       |       |       ||     5
 Cast: Wereblood         |       |       |       |       |       |       |       |       |     2 ||     2
Invok: Bend Space        |       |     3 |    10 |    26 |    11 |     4 |       |     1 |     2 ||    57
       Corrupt           |       |     1 |     1 |       |     1 |       |       |     1 |     2 ||     6
       Banish            |       |       |     1 |    11 |       |     3 |     1 |     1 |       ||    17
       Brand Weapon With |       |       |       |       |       |     1 |       |       |       ||     1
       Depart the Abyss  |       |       |       |       |       |       |       |       |     1 ||     1
 Abil: Rolling Charge    |     1 |    11 |    51 |    61 |   158 |   191 |   177 |   269 |  1056 ||  1975
Evoke: Wand              |       |       |       |     8 |     4 |     5 |       |       |    13 ||    30
       Phantom mirror    |       |       |       |     1 |       |       |       |       |       ||     1
       Condenser vane    |       |       |       |       |       |       |       |       |     1 ||     1
  Use: Potion            |     4 |     5 |     3 |     2 |     1 |     7 |     2 |    14 |    32 ||    70
       Scroll            |       |     2 |     6 |    12 |     9 |    10 |     3 |     2 |    27 ||    71
 Stab: Invisible         |       |       |       |     2 |       |       |       |       |     1 ||     3
       Petrified         |       |       |       |     3 |       |       |       |       |       ||     3
       Paralysed         |       |       |       |       |     1 |       |       |       |       ||     1
       Distracted        |       |       |       |       |       |       |       |     2 |     2 ||     4
Armor: Leather armour    |    14 |       |    73 |       |       |       |       |       |       ||    87
       Chain mail        |    51 |   157 |       |       |       |       |       |       |       ||   208
       Skin              |    25 |    21 |       |       |       |       |       |       |       ||    46
       Plate armour      |       |       |    28 |   713 |   581 |   615 |   534 |   721 |   424 ||  3616
       Crystal plate arm |       |       |       |       |       |       |       |       |  1003 ||  1003
Dodge: Dodged            |    41 |    67 |   108 |   255 |   178 |   193 |   161 |   264 |   712 ||  1979
Block: Other             |       |       |    51 |   221 |   129 |       |       |       |       ||   401
       Reflection        |       |       |     2 |     5 |     5 |       |       |       |       ||    12
       Kite shield       |       |       |       |       |    78 |   591 |   534 |   734 |  1723 ||  3660
       Tower shield      |       |       |       |       |       |       |       |       |   500 ||   500
